 Dungeon Crawl Stone Soup version 0.29.0-5-ge4962eb29e (console) character file.

Game seed: 17132927693419104168

193 odiv the Twirler (level 5, -9/41 HPs)
             Began as a Demonspawn Wanderer on Aug 29, 2022.
             Was a Follower of Sif Muna.
             Mangled by an ogre
             ... wielding a +0 giant spiked club
              (32 damage)
             ... on level 4 of the Dungeon.
             The game lasted 00:14:10 (3968 turns).

odiv the Twirler (Demonspawn Wanderer)              Turns: 3968, Time: 00:14:11

Health: -9/41      AC:  8    Str: 11 (13) XL:     5   Next: 44%
Magic:  7/9        EV: 11    Int: 14 (16) God:    Sif Muna [*.....]
Gold:   72         SH:  0    Dex: 10 (11) Spells: 9/10 levels left

rFire   . . .      SeeInvis .   a - +2 quarterstaff
rCold   . . .      Faith    .   (shield currently unavailable)
rNeg    . . .      Spirit   .   d - +0 robe
rPois   .          Reflect  .   (no helmet)
rElec   .          Harm     .   (no cloak)
rCorr   .          Rampage  .   (no gloves)
Will    .....                   (no boots)
Stlth   +.........              (no amulet)
HPRegen 0.13/turn               (no ring)
MPRegen 0.11/turn               (no ring)

@: sanguine armoured, very slightly contaminated
A: hooves 1, powered by death 1, sanguine armour 1
a: Renounce Religion, Channel Magic


You were on level 4 of the Dungeon.
You worshipped Sif Muna.
Sif Muna was aware of your devotion.
You visited 2 branches of the dungeon, and saw 5 of its levels.

You collected 217 gold pieces.
You spent 145 gold pieces at shops.

Inventory:

Hand Weapons
 a - a +2 quarterstaff (weapon)
 b - a +0 sling
 p - a +0 dagger of venom
 u - a +2 vorpal hand axe
Missiles
 g - 18 stones
 j - 4 boomerangs of dispersal
 v - 2 boomerangs (quivered)
Armour
 d - a +0 robe (worn)
 r - a +0 ring mail
Scrolls
 c - a scroll of blinking
 e - a scroll of amnesia {unknown}
 f - a scroll of silence {unknown}
 h - a scroll of immolation {unknown}
 k - 2 scrolls of fear {unknown}
 m - 2 scrolls of teleportation {unknown}
 n - a scroll of fog {unknown}
 o - 5 scrolls of identify {unknown}
Potions
 i - a potion of magic {unknown}
 l - a potion of flight {unknown}
 q - a potion of degeneration
 s - a potion of curing
 t - 2 potions of heal wounds


   Skills:
 + Level 3.2 Fighting
 - Level 4.5 Staves
 - Level 1.7 Armour
 + Level 0.6 Dodging
 + Level 3.1 Spellcasting
 - Level 3.0 Poison Magic


You had 9 spell levels left.
You knew the following spells:

 Your Spells              Type           Power      Damage    Failure   Level
a - Sting                 Tmut/Pois      24%        1d4       12%         1

Your spell library contained the following spells:

 Spells                   Type           Power      Damage    Failure   Level
 Mephitic Cloud           Conj/Pois/Air  4%         N/A       38%         3


Dungeon Overview and Level Annotations

Branches:
Dungeon (4/15)             Temple (1/1) D:4

Altars:
Ashenzari
Ru
Sif Muna

Shops:
D:1 !*:[   D:2 :

Annotations:
D:3 1 runed translucent door, Datul's ghost, amateur GnNe


Innate Abilities, Weirdness & Mutations

You have large cloven feet.
You regenerate a little health from kills.
When seriously injured, your blood forms armour. (AC +6)


Message History

b - a +0 sling (weapon)
An ogre is nearby!
You see here a ball python corpse.
You shoot a sling bullet. The sling bullet hits the ogre.
The ogre is moderately wounded.
You shoot a sling bullet.
The sling bullet hits the ogre but does no damage.
The ogre is moderately wounded.
a - a +2 quarterstaff (weapon)
Casting: Sting (safe; 12% risk of failure)
Confirm with . or Enter, or press ? or * to list all spells.
You can't see any susceptible monsters within range! (Use Z to cast anyway.) Throw: 2 boomerangs
Press: ? - help, Q - select action, (/) - cycle Shift-Dir - straight line, f/p - ogre
Aim: an ogre, wielding a +0 giant spiked club (moderately wounded, 72% to hit)
You throw a boomerang. The boomerang hits the ogre.
The ogre is moderately wounded.
Casting: Sting (safe; 12% risk of failure)
Confirm with . or Enter, or press ? or * to list all spells.
Aiming: Sting (safe; 12% risk of failure)
Press: ? - help, Shift-Dir - straight line, f/p - ogre
Aim: an ogre, wielding a +0 giant spiked club (moderately wounded, 85% to hit)
The sting hits the ogre.
The ogre is poisoned.
The ogre is heavily wounded.
Casting: Sting (safe; 12% risk of failure)
Confirm with . or Enter, or press ? or * to list all spells.
Aiming: Sting (safe; 12% risk of failure)
Press: ? - help, Shift-Dir - straight line, f/p - ogre
Aim: an ogre, wielding a +0 giant spiked club (heavily wounded, poisoned, 85% to hit)
You miscast Sting.
You are very lightly contaminated with residual magic.
Nothing appears to happen.
You completely miss the ogre. Your kick misses the ogre.
The ogre is severely wounded.
The ogre hits you with a +0 giant spiked club!!
Your blood congeals into armour.
The ogre attacks as you move away!
The ogre hits you with a +0 giant spiked club!!
Ouch! That really hurt!
You die...

. ............)...#
....#.###'###.........<.###
#...#.#.....#.........###
#..#.#...$.#........##
#....#.._..#.......##
##..(.#.....#...#..##
.#...#.#.....#......#
.......#######.....##
.......†..O@.......#
#.##...#####....#..####
#### #######....# ######


You could see an ogre (poisoned).

Vanquished Creatures
  An orc priest (D:3)
  An iguana (D:3)
  An orc wizard (D:3)
  A gnoll (D:1)
  3 adders
  A worm (D:3)
  2 dart slugs (D:2)
  3 orcs (D:3)
  2 endoplasms
  2 giant cockroaches
  9 goblins
  7 hobgoblins
  8 jackals
  8 kobolds
  3 quokkas
  6 ball pythons
  3 bats
  4 rats
65 creatures vanquished.

Notes
Turn   | Place    | Note
-------+----------+-------------------------------------------
     0 | D:1      | odiv the Demonspawn Wanderer began the quest for the Orb.
     0 | D:1      | odiv set off with the following items: a +2 quarterstaff, a
                  | +0 ring mail, a scroll of blinking; and the following spell
                  | memorised: Sting; and the following spells available to
                  | memorise: Mephitic Cloud.
     0 | D:1      | Reached XP level 1. HP: 13/13 MP: 3/3
   368 | D:1      | Found Koliwn's Assorted Antiques.
   373 | D:1      | Found Udoimpuf's Distillery.
   374 | D:1      | Bought a scroll labelled JOTHAU TITO for 24 gold pieces
   440 | D:1      | Reached skill level 1 in Fighting
   458 | D:1      | Gained mutation: You regenerate a little health from kills.
                  | [demonic ancestry]
   458 | D:1      | Reached XP level 2. HP: 20/21 MP: 3/5
   657 | D:1      | Found Uvecweotae's Book Emporium.
   660 | D:1      | Found Teososafyifu's Armour Boutique.
   976 | D:1      | Found a faded altar of an unknown god.
  1157 | D:1      | Gained mutation: You have large cloven feet. [demonic
                  | ancestry]
  1157 | D:1      | Reached XP level 3. HP: 27/27 MP: 6/6
  1303 | D:2      | Found a shimmering blue altar of Sif Muna.
  1310 | D:2      | Became a worshipper of Sif Muna the Loreminder
  1538 | D:2      | Found Balohika's Book Boutique.
  2117 | D:1      | Bought a potion of attraction for 33 gold pieces
  2117 | D:1      | Bought a potion of curing for 33 gold pieces
  2150 | D:2      | Reached XP level 4. HP: 23/34 MP: 0/7
  2243 | D:3      | Found a broken altar of Ashenzari.
  2285 | D:3      | Reached * piety under Sif Muna
  2346 | D:3      | Found a runed translucent door.
  2346 | D:3      | Noticed Datul's ghost (amateur GnNe)
  3048 | D:3      | Gained mutation: When seriously injured, your blood forms
                  | armour. (AC +6) [demonic ancestry]
  3048 | D:3      | Reached XP level 5. HP: 28/41 MP: 6/9
  3280 | D:3      | Found a shimmering blue altar of Sif Muna.
  3590 | D:1      | Bought a potion of heal wounds for 55 gold pieces
  3793 | D:4      | Found a staircase to the Ecumenical Temple.
  3803 | Temple   | Entered the Ecumenical Temple
  3840 | D:4      | Noticed an ogre
  3931 | D:4      | Found a sacrificial altar of Ru.
  3968 | D:4      | Mangled by an ogre

Illustrated notes

Levels and vault maps discovered:
D:1:      dpeg_cavernosity, layout_basic, shapermc_ecumenical_altar_petra,
          serial_shops, shop, nicolae_diamond_shop, nicolae_shop_statue_plus,
          shop, bh_walls_and_bars
D:2:      layout_rooms, serial_shops, nicolae_shop_advertising_works
          [nicolae_subvault_shop_adworks], basic_altar
D:3:      layout_loops_ring, kennysheep_orc_sif_temple, lemuel_crystal_altar,
          hellmonk_ghost_happy_afterlife, serial_glass, glass_columns_b,
          glass_columns_a, glass_columns_b, glass_columns_b
D:4:      layout_layer_cave, amcnicky_altar_gilded, overflow_temple_1_default,
          cheibrodos_worm_habitat, minmay_temple_entry_large_hall, serial_shops,
          shop
Temple:   minmay_temple_bridge_abc

Skill      XL: |  1  2  3  4  5 |
---------------+----------------+-----
Fighting       | 1 2 3 |  3.2
Poison Magic   | 2 3 |  3.0
Spellcasting   | 3 |  3.1
Staves         | |  4.5
Armour         | |  1.7
Dodging        | |  0.6

Action                   |  1- 3 |  4- 6 || total
-------------------------+-------+-------++-------
Melee: Quarterstaff      |    56 |    32 ||    88
       Kick              |     3 |     9 ||    12
 Fire: Sling             |       |    21 ||    21
Throw: Boomerang         |       |     1 ||     1
 Cast: Sting             |    44 |    40 ||    84
  Use: Potion            |     1 |     1 ||     2
 Stab: Sleeping          |     1 |       ||     1
Armor: Robe              |     8 |     5 ||    13
Dodge: Dodged            |    44 |    22 ||    66
